← All builds
Tech / Armada / Economy first / OBSERVED BUILD

Fast fusion

Armada Tech (Eco) build order · Supreme Isthmus

Standard T2 rush economy build that adds an earlier Fusion Reactor around 8:52 to scale power sooner, with units fighting only on the team's own side afterward.

Usually first T2 con to Geo (82%)

#eco #t2 · 180 distinct matches · 63 players · 6% of Armada Tech games · team won 59% of 186 · Recently observed

THE CATCH, AND WHAT COMES WITH IT
  • Fusion ReactorFusion Reactor from 8:52 · 12% of role by thenOnly 12% of Tech games have it by then; others who build it get it around 11:21

Then transitions into anti-nuke (30% of army).

HOW TO PLAY IT

Key timing: Fusion Reactor by 10:00

  1. Run the standard T2 rush opening with Bot Lab then Advanced Bot Lab.
  2. Get the Advanced Bot Lab up on the usual fast timing.
  3. Upgrade to Advanced Metal Extractor on the normal schedule.
  4. Transition into the typical Citadel anti-nuke and Armageddon nuke silo army.
  5. Push an early Fusion Reactor, well ahead of the role's usual 12:03.

Phase by phase

TYPICAL OF ITS 180 GAMES · AGAINST STANDARD TECH
  1. 1
  2. 2
  3. 3
  4. 4
  5. 5
PLAY THE OPENING

Follow the example game's first 9:52 step by step: what to build now, what comes next, and where it goes. At 1× it keeps pace with your own game.

  1. 1

    Up to the Bot Lab

    Economy
    • Metal Extractor3Mex
    • Wind Turbine4Wind
    Order
    1. Bot LabBot Lab after 3 mex, 4 winddone ~1:16, middle half 1:09–1:30

    By 0:59 in all: 3 mex · 4 wind

    The example game in this phase · 5 steps
    1. Mex ×3
    2. Wind ×4
    3. Energy storage
    4. Wind ×2
    5. Bot LabBot Labdone 1:44 · typical 1:16
  2. 2

    Bot Lab to Advanced Bot Lab

    Economy
    • Metal Extractor1Mex
    • Wind Turbine9Wind
    • Energy Storage1Energy storage
    Order
    1. Advanced Bot LabAdvanced Bot Lab after 4 mex, 12 wind, 3 con turretdone ~4:15, middle half 4:03–4:28
    Builders
    • Construction Turret3 Con turret
    • Lazarus4 Lazarus
    • Construction Bot2 Con bot
    • Construction Bot1 Con bot for allies

    Some games also: converter (46%)

    By 3:13 in all: 4 mex · 12 wind · 1 energy storage · 3 con turret

    The example game in this phase · 18 steps
    1. Construction BotCon bot
    2. Wind
    3. LazarusLazarus
    4. Wind
    5. Construction BotCon botfor Air
    6. Wind
    7. LazarusLazarus
    8. Con turret
    9. Wind
    10. Mex
    11. Construction BotCon bot
    12. Wind
    13. LazarusLazarus
    14. Con turret
    15. Wind ×3
    16. LazarusLazarus
    17. Wind
    18. Advanced Bot LabAdvanced Bot Labdone 4:33 · typical 4:15
  3. 3

    Advanced Bot Lab to 5:00

    Economy
    • Wind Turbine3Wind
    Order
    1. Bot LabEat Bot Lab
    Builders
    • Advanced Construction Bot1 T2 con bot for allies

    Some games also: converter (48%)

    By 5:00 in all: 4 mex · 17 wind · 2 converter · 1 energy storage · 3 con turret

    The example game in this phase · 4 steps
    1. Bot LabEat Bot Labreclaimed for its metal
    2. Wind ×4
    3. Advanced Construction BotT2 con botfor Geo
    4. Advanced Metal ExtractorT2 mexdone 5:23 · typical 5:20
  4. 4

    5:00 to Fusion Reactor

    Economy
    • Wind Turbine26Wind
    • Energy Converter4Converter+3 vs standard
    Order
    1. Fusion ReactorFusion Reactor after 4 mex, 44 wind, 7 converterdone ~10:12, middle half 9:51–10:42
    Builders
    • Butler8 Butler +3 vs standard
    • Advanced Construction Bot3 T2 con bot for allies
    • Advanced Construction Bot1 T2 con bot

    Some games also: con turret (48%)

    By 8:52 in all: 4 mex · 44 wind · 7 converter (standard 4) · 1 energy storage · 3 con turret

    The example game in this phase · 16 steps
    1. Advanced Construction BotT2 con botfor Air
    2. Solar ×2
    3. Advanced Metal ExtractorT2 mex ×2
    4. ButlerButler ×2
    5. Advanced Construction BotT2 con botfor Pond
    6. Wind ×2
    7. Advanced Construction BotT2 con botfor Beach sea
    8. Wind ×4
    9. ButlerButler
    10. Wind
    11. ButlerButler
    12. Wind
    13. Advanced Construction BotT2 con bot
    14. Wind
    15. Advanced Metal ExtractorT2 mex
    16. Fusion ReactorFusiondone 10:43 · typical 10:12
  5. 5

    Fusion Reactor to 15:00

    Economy
    • Wind Turbine86Wind−64 vs standard
    • Energy Converter48Converter
    Order
    1. Advanced Bot LabEat Advanced Bot Lab
    2. Fusion ReactorFusion after 86 wind, 18 converter, 7 con turretin 63% of games
    Builders
    • Construction Turret10 Con turret +3 vs standard

    Some games also: anti-nuke (49%) · Advanced Fusion Reactor (38%) · Aircraft Plant (38%) · metal storage (35%) · Butler (32%)

    The standard build makes here, this one skips: 6 Butler

    By 15:00 in all: 4 mex · 132 wind (standard 187) · 2 fusion · 55 converter · 1 energy storage · 1 metal storage

    The example game in this phase · 106 steps
    1. Wind ×3
    2. ButlerButler
    3. Wind ×3
    4. ButlerButler
    5. Wind ×8
    6. ButlerButler
    7. Converter
    8. Wind ×2
    9. Converter
    10. Wind ×2
    11. Converter
    12. Wind ×2
    13. ButlerButler
    14. Wind ×5
    15. Converter
    16. Wind ×3
    17. Converter
    18. Wind ×5
    19. Converter
    20. Wind ×4
    21. Converter
    22. Wind ×3
    23. Converter
    24. Wind ×3
    25. Advanced Construction BotT2 con bot
    26. Wind ×2
    27. Con turret
    28. Wind
    29. T2 converter
    30. Converter
    31. Wind ×3
    32. Con turret
    33. Wind ×2
    34. Converter
    35. Wind ×4
    36. Con turret
    37. Converter
    38. Wind ×5
    39. Con turret
    40. Wind
    41. Converter
    42. Wind ×2
    43. Metal storage
    44. Wind ×3
    45. Converter
    46. Fusion ReactorFusion
    47. Wind ×4
    48. Converter
    49. Wind ×5
    50. Converter
    51. Wind ×6
    52. Converter
    53. SharpshooterSniper botdone 12:52
    54. Wind ×3
    55. Converter
    56. Wind ×6
    57. Converter
    58. Wind ×5
    59. Converter
    60. Wind ×4
    61. Converter
    62. Wind ×5
    63. Converter
    64. Wind
    65. T2 converter
    66. Wind ×4
    67. Converter
    68. Wind ×4
    69. Converter
    70. Wind ×3
    71. SharpshooterSniper bot
    72. Wind ×3
    73. Converter
    74. Wind ×4
    75. Converter
    76. Wind
    77. Con turret
    78. Wind ×4
    79. SharpshooterSniper bot
    80. Converter
    81. Wind ×3
    82. Con turret
    83. Wind ×3
    84. Converter
    85. Wind
    86. Fusion ReactorFusion
    87. Wind ×2
    88. Con turret
    89. Wind
    90. Converter
    91. Wind
    92. Con turret
    93. Wind
    94. Con turret
    95. Wind ×2
    96. Con turret
    97. Wind
    98. Converter
    99. Wind ×3
    100. Converter
    101. Wind
    102. T2 converter
    103. HoundHound
    104. Wind ×3
    105. Converter
    106. Wind ×5

Counts are medians over the build's games: half of them build more, half fewer. The example game is MrMilkman's (31 OS, 20/09/2026); pick another.

Team trades

IN AT LEAST 30% OF ITS GAMES

You hand over

  • Construction Bot1 Con bot to Airfirst at 2:22 · in 85% of games
  • Advanced Construction Bot5 T2 con bot to Air or Pond or Beach seafirst at 4:47 · in 100% of games

You get

  • Hercules1 Light transport from Airfirst at 3:55 · in 85% of games

How it plays out

Typical game of this build against the role’s standard build, running totals by minute

  • This build
  • Standard tech

Metal produced

020k40k
0:005:0010:0015:00

metal

Enemy metal destroyed

050100
0:005:0010:0015:00

metal

Own metal lost

050100150
0:005:0010:0015:00

metal

186 games.

Show as table
ByMetal produced: This buildMetal produced: Standard techEnemy metal destroyed: This buildEnemy metal destroyed: Standard techOwn metal lost: This buildOwn metal lost: Standard tech
1:003843830000
2:009179150000
3:00168816510000
4:00319731430000
5:00487948480000
6:00596258000000
7:00767472270000
8:00975890610000
9:0012179111690000
10:0015809135020000
11:0019815162390000
12:0023390196520000
13:0027140234410000
14:00309572735700074
15:00359063153808576130
WHAT THE NUMBERS SAY

Won more often than the standard build and pulled well ahead on metal production with almost no combat losses either way.

  • + Metal production at 15:00 reaches 36430 vs 31668 standard.
  • + Won more often than the standard build (60% vs 53%).
  • − Enemy metal destroyed by 15:00 is lower than standard (39 vs 266).
  • − Fusion push is purely economic, offering no early combat payoff.
THE EXAMPLE YOU ARE READING

MrMilkman

30.8 OS · 20/09/2026

Open source match ↗

1 received units
2399 metal received · 64918 energy received

Allied construction assistance is unknown. Timings are observations, not a promise of solo reproducibility.

Typical milestones

Bot Lab1:16Middle 50%: 1:09–1:30 · n=186
Advanced Bot Lab4:15Middle 50%: 4:03–4:28 · n=186
Advanced Metal Extractor5:20Middle 50%: 5:00–5:40 · n=186
Fusion Reactor10:12Middle 50%: 9:51–10:42 · n=173

Played most by

Teaner31games of this buildSyphos12games of this buildKOT_11games of this build[Grump]Grumpiness9games of this buildhaaven8games of this build